 Dungeon Sprint DCSS version 0.22.2-1-ge965b3a (webtiles) character file.

11600000 Fang the Conqueror (level 27, -24/249 HPs)
             Began as a Demonspawn Gladiator on Apr 3, 2019.
             Was the Champion of Makhleb.
             Killed from afar by a scourge (41 damage)
             ... with a bolt of poison
             ... in the Dungeon (Sprint VIII: "Arena of Blood").
             The game lasted 00:01:29 (116 turns).

Fang the Conqueror (Demonspawn Gladiator)            Turns: 116, Time: 00:01:29

Health: -24/249    AC:  6    Str: 26    XL:     27
Magic:  41/54      EV: 32    Int: 11    God:    Makhleb [******]
Gold:   0          SH:  0    Dex: 15    Spells: 80/80 levels left

rFire    . . .     SeeInvis +   l - +∞ Axe of Woe
rCold    + . .     Gourm    .   (shield currently unavailable)
rNeg     + . .     Faith    .   b - +0 leather armour
rPois    .         Spirit   .   (helmet unavailable)
rElec    .         Reflect  .   (no cloak)
rCorr    .         Harm     .   (gloves unavailable)
MR       ++...     NoTele   +   (boots unavailable)
Stlth    +++++++++.             (no amulet)
HPRegen  10.51/turn             (no ring)
MPRegen  0.34/turn              (no ring)

@: lethally poisoned (-24 -> -24)
A: antennae 3, claws 3, talons 3, cold resistance 1, icemail, negative energy
resistance 1, powered by death 3, 50% torment resistance, black mark, freezing
cloud immunity
a: Minor Destruction, Lesser Servant of Makhleb, Major Destruction, Greater
Servant of Makhleb, Renounce Religion


You were in the Dungeon.
You worshipped Makhleb.
Makhleb was exalted by your worship.
You were not hungry.

You visited 1 branch

Inventory:

Hand Weapons
 a - a +0 war axe
 l - the +∞ Axe of Woe (weapon)
   (You found it in the Dungeon)
Missiles
 d - 3 throwing nets (quivered)
Armour
 b - a +0 leather armour (worn)
 c - a +0 helmet
Scrolls
 k - a scroll of blinking
Potions
 e - a potion of curing
 h - a potion of haste
 i - 2 potions of magic
 j - a potion of berserk rage
Comestibles
 f - a ration


   Skills:
 O Level 27 Fighting
 O Level 27 Axes
 O Level 27 Throwing
 O Level 27 Armour
 O Level 27 Dodging
 O Level 27 Stealth
 O Level 27 Unarmed Combat
 O Level 27 Spellcasting
 O Level 27 Invocations


You had 80 spell levels left.
You didn't know any spells.
Your spell library was empty.

Dungeon Overview and Level Annotations

Branches:
Dungeon (1/1)

Altars:
Makhleb

Annotations:
D The Defiler


Innate Abilities, Weirdness & Mutations

You have a pair of large antennae on your head. (SInv)
You have claws for hands.
You have claws for feet.
Your flesh is cold resistant. (rC+)
A meltable icy envelope protects you from harm. (AC +0)
You resist negative energy. (rN+)
You regenerate a lot of health from kills.
You are somewhat able to resist unholy torments (1 in 2 success).
Your melee attacks may debilitate your foes.
You are immune to freezing clouds.


Message History

A dread comes into view.
The dread appears out of thin air!
A dread comes into view.
The accursed gestures at you while chanting.
Something smites you!
* * * LOW HITPOINT WARNING * * *
A meat berserker comes into view. It is wielding a +9 battleaxe.
You hear an angry hiss. x2; You hear a shout!
You feel much better.
You are engulfed in blazing flames.
* * * LOW HITPOINT WARNING * * *
You feel very sick.
You hear a shout! x2
The meat beast screeches, "Away with thee, thou mammering fob-snatching flirt-gill!"
Some corpses begin to drag themselves along the ground!
Some corpses meld into agglomerations of writhing flesh!
The scourge throws poison at you.
The bolt of poison hits the accursed.
The accursed completely resists.
The bolt of poison hits you!
You are more poisoned.
You die...

....##.##........
..........W......
......#.#.......
..S.........%.###
.....S....o......
....W..M.%X......
....D..x)))......
.S..%.XMWxX......
.#...OX@W#.......
#..2.)§x#.......
.###.%L§§§x###..Go.
..X..X###)Dz{..{M..
..O.X{.§)).........
....#...))#.......#
. ..#_.<)_#..o.{...
#.....#......
....._.........


You could see 2 accurseds, a tentacled monstrosity, a meat beast, a tyrant, 2
eight-headed meat hydras, 3 scourges, a sculptor of flesh, 6 large abominations,
4 dreads, 2 meat berserkers, 2 bags of meat and 4 crawling corpses.

Vanquished Creatures
  7 hell beasts (D)
  7 greater mummies (D)
  4 great orbs of eyes (D)
  11 vampire knights (D)
  33 ogres (D)
  5 two-headed ogres (D)
  A lich (D)
  2 hydras (D)
  72 orcs (D)
  4 phantoms (D)
  5 skeletal warriors (D)
  7 large abominations (D)
  10 small abominations (D)
  9 crawling corpses (D)
177 creatures vanquished.

Notes
Turn   | Place    | Note
-------+----------+-------------------------------------------
     0 | D        | Found the +∞ Axe of Woe
     0 | D        | Fang the Demonspawn Gladiator began the quest for the Orb.
     0 | D        | Reached XP level 1. HP: 16/16 MP: 1/1
     2 | D        | Noticed a bag of meat
     4 | D        | Became a worshipper of Makhleb the Destroyer
     5 | D        | Noticed a bag of meat
     5 | D        | Noticed a bag of meat
     6 | D        | Noticed a bag of meat
     6 | D        | Noticed a bag of meat
     8 | D        | Noticed a bag of meat
     8 | D        | Noticed a bag of meat
     8 | D        | Noticed a meat berserker
     8 | D        | Noticed a bag of meat
    10 | D        | Killed a bag of meat
    10 | D        | Gained mutation: You have sharp fingernails. [demonic
                  | ancestry]
    10 | D        | Reached XP level 2. HP: 43/43 MP: 2/2
    10 | D        | Gained mutation: You have very sharp fingernails. [demonic
                  | ancestry]
    10 | D        | Reached XP level 3. HP: 49/49 MP: 3/3
    10 | D        | Reached XP level 4. HP: 56/56 MP: 4/4
    10 | D        | Reached XP level 5. HP: 62/62 MP: 5/5
    10 | D        | Gained mutation: You have sharp toenails. [demonic
                  | ancestry]
    10 | D        | Reached XP level 6. HP: 69/69 MP: 6/6
    10 | D        | Gained mutation: You regenerate a little health from kills.
                  | [demonic ancestry]
    10 | D        | Reached XP level 7. HP: 75/75 MP: 7/7
    10 | D        | Gained mutation: You have a pair of small antennae on your
                  | head. [demonic ancestry]
    10 | D        | Reached XP level 8. HP: 82/82 MP: 8/8
    10 | D        | Reached XP level 9. HP: 88/88 MP: 9/9
    10 | D        | Gained mutation: Your flesh is cold resistant. (rC+)
                  | [demonic ancestry]
    10 | D        | Reached XP level 10. HP: 95/95 MP: 10/10
    10 | D        | Gained mutation: You have a pair of antennae on your head.
                  | [demonic ancestry]
    10 | D        | Reached XP level 11. HP: 101/101 MP: 11/11
    11 | D        | Killed a bag of meat
    11 | D        | Reached * piety under Makhleb
    11 | D        | Reached skill level 15 in Axes
    11 | D        | Reached skill level 15 in Throwing
    11 | D        | Reached skill level 15 in Dodging
    11 | D        | Gained mutation: You have a pair of large antennae on your
                  | head. (SInv) [demonic ancestry]
    11 | D        | Reached XP level 12. HP: 87/113 MP: 12/12
    11 | D        | Killed a bag of meat
    11 | D        | Gained mutation: You are immune to freezing clouds.
                  | [demonic ancestry]
    11 | D        | Reached XP level 13. HP: 94/122 MP: 13/13
    11 | D        | Killed a bag of meat
    11 | D        | Reached XP level 14. HP: 133/133 MP: 14/14
    12 | D        | Noticed a meat berserker
    12 | D        | Killed a bag of meat
    12 | D        | Reached ** piety under Makhleb
    13 | D        | Killed a meat berserker
    13 | D        | Gained mutation: You regenerate health from kills. [demonic
                  | ancestry]
    13 | D        | Reached XP level 15. HP: 146/146 MP: 15/15
    14 | D        | Noticed a large bag of meat
    15 | D        | Killed a meat berserker
    15 | D        | Reached *** piety under Makhleb
    15 | D        | Gained mutation: You have razor-sharp toenails. [demonic
                  | ancestry]
    15 | D        | Reached XP level 16. HP: 159/159 MP: 16/16
    16 | D        | Noticed a meat berserker
    17 | D        | Killed a meat berserker
    17 | D        | Gained mutation: You have claws for hands. [demonic
                  | ancestry]
    17 | D        | Reached XP level 17. HP: 171/171 MP: 17/17
    18 | D        | Reached **** piety under Makhleb
    19 | D        | Noticed a meat berserker
    20 | D        | Reached skill level 27 in Fighting
    20 | D        | Gained mutation: You regenerate a lot of health from kills.
                  | [demonic ancestry]
    20 | D        | Reached XP level 18. HP: 182/182 MP: 18/18
    21 | D        | Killed a large bag of meat
    21 | D        | Reached skill level 27 in Axes
    21 | D        | Reached skill level 27 in Throwing
    21 | D        | Reached skill level 27 in Dodging
    21 | D        | Reached skill level 5 in Armour
    21 | D        | Reached skill level 5 in Unarmed Combat
    21 | D        | Reached skill level 5 in Spellcasting
    21 | D        | Noticed a destroyer
    22 | D        | Reached ***** piety under Makhleb
    23 | D        | HP: 3/182 [destroyer/+9 great sword of slicing (7)]
    24 | D        | Killed a destroyer
    24 | D        | Gained mutation: You have claws for feet. [demonic
                  | ancestry]
    24 | D        | Reached XP level 19. HP: 58/189 MP: 18/35
    24 | D        | Noticed a meat berserker
    25 | D        | Noticed a large bag of meat
    26 | D        | Killed a meat berserker
    26 | D        | Reached skill level 15 in Armour
    26 | D        | Reached skill level 15 in Unarmed Combat
    26 | D        | Reached skill level 15 in Spellcasting
    27 | D        | Noticed a meat berserker
    28 | D        | Gained mutation: You resist negative energy. (rN+) [demonic
                  | ancestry]
    28 | D        | Reached XP level 20. HP: 197/197 MP: 19/40
    29 | D        | Noticed a meat berserker
    29 | D        | Noticed an eight-headed meat hydra
    31 | D        | Noticed a large bag of meat
    31 | D        | Noticed a destroyer
    32 | D        | Killed a meat berserker
    32 | D        | Killed a large bag of meat
    32 | D        | Reached ****** piety under Makhleb
    32 | D        | Reached skill level 27 in Invocations
    32 | D        | Reached XP level 21. HP: 164/204 MP: 20/45
    39 | D        | Reached XP level 22. HP: 212/212 MP: 21/51
    39 | D        | Noticed a destroyer
    41 | D        | Reached skill level 27 in Stealth
    41 | D        | Killed a large bag of meat
    41 | D        | Killed a destroyer
    41 | D        | Reached skill level 27 in Armour
    41 | D        | Reached skill level 27 in Unarmed Combat
    41 | D        | Reached skill level 27 in Spellcasting
    41 | D        | Noticed a destroyer
    42 | D        | Gained mutation: A meltable icy envelope protects you from
                  | harm. (AC +0) [demonic ancestry]
    42 | D        | Reached XP level 23. HP: 219/219 MP: 22/54
    42 | D        | Noticed a destroyer
    44 | D        | Noticed a destroyer
    45 | D        | Gained mutation: You are somewhat able to resist unholy
                  | torments (1 in 2 success). [demonic ancestry]
    45 | D        | Reached XP level 24. HP: 227/227 MP: 23/54
    47 | D        | Noticed a destroyer
    48 | D        | Killed a destroyer
    48 | D        | Gained mutation: Your melee attacks may debilitate your
                  | foes. [demonic ancestry]
    48 | D        | Reached XP level 25. HP: 234/234 MP: 24/54
    48 | D        | Killed a destroyer
    50 | D        | Killed a destroyer
    50 | D        | Reached XP level 26. HP: 242/242 MP: 24/54
    52 | D        | Killed a destroyer
    53 | D        | Noticed an accursed
    55 | D        | Reached XP level 27. HP: 249/249 MP: 25/54
    56 | D        | Noticed a destroyer
    60 | D        | Noticed an accursed
    62 | D        | Killed an accursed
    64 | D        | Killed a destroyer
    65 | D        | Noticed a meat beast
    66 | D        | Killed a destroyer
    67 | D        | Killed a meat beast
    68 | D        | Noticed a meat beast
    68 | D        | Noticed a destroyer
    68 | D        | Noticed a large bag of meat
    69 | D        | Noticed an accursed
    71 | D        | Noticed a destroyer
    71 | D        | Noticed an accursed
    74 | D        | Killed a large bag of meat
    74 | D        | Killed a meat beast
    75 | D        | Noticed a meat beast
    76 | D        | Noticed a meat beast
    77 | D        | Noticed a destroyer
    79 | D        | Killed an accursed
    80 | D        | Killed a meat beast
    80 | D        | Noticed an accursed
    81 | D        | Noticed a meat beast
    83 | D        | Killed a destroyer
    84 | D        | Killed a destroyer
    85 | D        | Killed a destroyer
    85 | D        | Killed a meat beast
    86 | D        | Killed a meat beast
    86 | D        | Killed an accursed
    86 | D        | Noticed a meat beast
    89 | D        | Killed a meat beast
    90 | D        | Noticed an accursed
    91 | D        | Noticed a tyrant
    94 | D        | Killed an accursed
    96 | D        | Noticed a meat beast
    97 | D        | Noticed a dread
    98 | D        | Noticed an accursed
    98 | D        | Noticed an accursed
    99 | D        | Killed a tyrant
   101 | D        | Killed a meat beast
   101 | D        | Killed an accursed
   103 | D        | Noticed a large bag of meat
   107 | D        | Noticed a tyrant
   108 | D        | Noticed a dread
   109 | D        | Noticed an accursed
   110 | D        | Killed a large bag of meat
   111 | D        | Killed an accursed
   111 | D        | Killed an accursed
   111 | D        | Noticed The Defiler
   112 | D        | Noticed a meat beast
   115 | D        | Noticed a dread
   115 | D        | Noticed a dread
   115 | D        | HP: 8/244 [accursed/divine providence (15)]
   116 | D        | Killed from afar by a scourge

Skill      XL: |  1  2  3  4  5  6  7  8  9 10 11 12 13 14 15 16 17 18 19 20 21 22 |
---------------+-------------------------------------------------------------------+-----
Fighting       | 14 16 18 19 22 24 26 27 | 27.0
Axes           | 13 15 17 18 20 22 24 26 27 | 27.0
Throwing       | 13 15 16 18 20 22 24 26 27 | 27.0
Dodging        | 13 15 17 18 20 22 24 26 27 | 27.0
Armour         | 12 16 20 25 27 | 27.0
Stealth        | 13 18 22 26 27 | 27.0
Unarmed Combat | 12 16 20 25 27 | 27.0
Spellcasting   | 12 16 20 25 27 | 27.0
Invocations    | 17 22 27 | 27.0

Action                   |  1- 3 |  4- 6 |  7- 9 | 10-12 | 13-15 | 16-18 | 19-21 | 22-24 | 25-27 || total
-------------------------+-------+-------+-------+-------+-------+-------+-------+-------+-------++-------
Melee: Executioner's axe |     1 |       |       |     1 |     4 |     7 |    10 |     9 |    58 ||    90
  Use: Potion            |       |       |       |       |       |       |       |       |     1 ||     1
Dodge: Dodged            |       |       |       |       |       |       |     2 |       |    15 ||    17
